 Dungeon Crawl Stone Soup version 0.29-a0-1033-gb6c65ffae6 (webtiles) character file.

Game seed: 13473797375551903168

8221 Zonian the Scholar of Death (level 11, -5/86 HPs)
             Began as a Demonspawn Necromancer on Aug 14, 2022.
             Was a Follower of Kikubaaqudgha.
             Slain by a seven-headed hydra (8 damage)
             ... on level 2 of the Lair of Beasts.
             The game lasted 00:59:14 (17766 turns).

Zonian the Scholar of Death (DsNe)                 Turns: 17766, Time: 00:59:15

Health: -5/86      AC:  6    Str: 14    XL:     11   Next: 7%
Magic:  0/23       EV: 16    Int: 22    God:    Kikubaaqudgha [*.....]
Gold:   577        SH:  0    Dex: 13    Spells: 7/26 levels left

rFire   . . .      SeeInvis .   S - +3 rapier (venom)
rCold   . . .      Faith    .   (no shield)
rNeg    . . .      Spirit   +   a - +0 robe
rPois   .          Reflect  .   (helmet restricted)
rElec   .          Harm     .   (no cloak)
rCorr   .          Rampage  .   y - +1 pair of gloves
Will    .....                   i - +1 pair of boots
Stlth   ++........              G - amulet of guardian spirit
HPRegen 0.24/turn               F - +6 ring of strength
MPRegen 0.18/turn               R - +4 ring of evasion

@: no status effects
A: antennae 1, demonic guardian 1, powered by death 2, sturdy frame 1
a: Renounce Religion, Unearth Wretches


You were on level 2 of the Lair of Beasts.
You worshipped Kikubaaqudgha.
Kikubaaqudgha was aware of your devotion.
You visited 3 branches of the dungeon, and saw 13 of its levels.

You collected 782 gold pieces.
You spent 205 gold pieces at shops.

Inventory:

Hand Weapons
 c - a +3 dagger
 g - a +0 dagger
 k - a +2 vorpal spear
 p - the +1 great sword of Exquisite Torment {vorpal, rElec}
   (You found it on level 6 of the Dungeon)

   It inflicts extra damage upon your enemies.
   rElec:     It insulates you from electricity.
 q - a +0 dagger of venom
 u - a +0 rapier
 w - a +0 short sword
 z - a +0 long sword
 C - a +0 vampiric dagger
 D - a +0 sling
 J - a +0 whip of electrocution
 P - a +2 short sword of draining
 S - a +3 rapier of venom (weapon)
Missiles
 b - 2 throwing nets
 e - 23 poisoned darts
 m - 6 boomerangs
Armour
 a - a +0 robe (worn)
 i - a +1 pair of boots (worn)
 y - a +1 pair of gloves (worn)
Magical Staves
 s - a staff of poison
Jewellery
 j - a ring of fire
 x - the ring "Gamepairr" {rElec rC+ Will- Str+9 Dex-5}
   (You found it on level 4 of the Dungeon)

   [ring of protection from cold]

   Str:       It affects your strength (+9).
   Dex:       It affects your dexterity (-5).
   rC:        It protects you from cold.
   rElec:     It insulates you from electricity.
   Will:      It decreases your willpower.
 F - a +6 ring of strength (left hand)
 G - an amulet of guardian spirit (around neck)
 R - a +4 ring of evasion (right hand)
Wands
 v - a wand of iceblast (4)
 B - a wand of charming (8)
 L - a wand of mindburst (11)
 O - a wand of digging (13)
Scrolls
 l - 2 scrolls of blinking
 I - a scroll of poison
 K - a scroll of butterflies
 N - a scroll of amnesia
Potions
 d - 2 potions of resistance
 f - a potion of cancellation
 h - a potion of heal wounds
 n - a potion of flight
 o - 3 potions of mutation
 t - a potion of lignification {unknown}
 A - a potion of haste {unknown}
 E - 2 potions of attraction
 H - a potion of might


   Skills:
 + Level 8.2 Fighting
 + Level 7.5 Short Blades
 - Level 2.0 Dodging
 - Level 2.1 Stealth
 - Level 8.4 Spellcasting
 - Level 10.7 Necromancy


You had 7 spell levels left.
You knew the following spells:

 Your Spells              Type           Power      Damage    Failure   Level
a - Necrotise             Necr           100%       1d9       1%          1
b - Vampiric Draining     Necr           54%        2d9       1%          3
c - Animate Dead          Necr           54%        N/A       1%          4
d - Dispel Undead         Necr           54%        3d20      1%          4
e - Agony                 Necr           54%        N/A       2%          5
f - Sublimation of Blood  Necr           54%        N/A       1%          2

Your spell library contained the following spells:

 Spells                   Type           Power      Damage    Failure   Level
 Foxfire                  Conj/Fire      36%        2x1d5     7%          1
 Shock                    Conj/Air       36%        1d5       7%          1
 Anguish                  Hex/Necr       16%        N/A       8%          4
 Death Channel            Necr           27%        N/A       13%         6
 Corpse Rot               Necr/Pois/Air  25%        N/A       16%         4
 Conjure Flame            Conj/Fire      9%         6-21      22%         3
 Gell's Gravitas          Tloc           9%         N/A       22%         3
 Ignite Poison            Fire/Tmut/Pois 9%         N/A       22%         3
 Inner Flame              Hex/Fire       9%         N/A       22%         3
 Ozocubu's Armour         Ice            9%         N/A       22%         3
 Swiftness                Air            9%         N/A       22%         3
 Teleport Other           Tloc           9%         N/A       22%         3
 Airstrike                Air            4%         2d(1-17)  56%         4
 Flame Wave               Conj/Fire      9%         2d6       56%         4
 Petrify                  Tmut/Erth      9%         N/A       56%         4
 Sticky Flame             Conj/Fire      9%         2d3       56%         4
 Simulacrum               Ice/Necr       16%        N/A       77%         6
 Irradiate                Conj/Tmut      4%         3d13      89%         5
 Metabolic Englaciation   Hex/Ice        4%         N/A       89%         5
 Dispersal                Tloc           4%         N/A       100%        6


Dungeon Overview and Level Annotations

Branches:
Dungeon (10/15)            Temple (1/1) D:6            Lair (2/5) D:10
  Swamp: Lair:2-3    Shoals: Lair:2-3     Snake: Lair:2-3    Spider: Lair:2-3
    Orc: D:9-12

Altars:
Ashenzari
Cheibriados
Dithmenos
Fedhas
Gozag
Hepliaklqana
Kikubaaqudgha
Makhleb
Okawaru
Ru
Trog
Uskayaw
Wu Jian
Xom
Yredelemnul

Shops:
D:10 *

Annotations:
D:3 Sigmund
D:7 2 transporters, nicolae's ghost, novice MfTm
Lair:1 exclusions: Harold and boulder beetle, Gastronok


Innate Abilities, Weirdness & Mutations

You have a pair of small antennae on your head.
A weak demonic guardian rushes to your aid.
You regenerate health from kills.
Your movements are slightly less encumbered by armour. (ER -2)


Message History

Aim: a seven-headed hydra (severely wounded, ally target, chance to affect: 86%)
The seven-headed hydra convulses!
The seven-headed hydra bites you! The seven-headed hydra bites you.
The seven-headed hydra completely misses you.
The seven-headed hydra bites you! x2; The seven-headed hydra misses you.
The seven-headed hydra bites you but does no damage.
Your shadow imp barely misses the seven-headed hydra.
Okay, then.
Casting: Agony (dangerous; 2% risk of failure)
Confirm with . or Enter, or press ? or * to list all spells.
You don't have enough magic to cast this spell.
Magic courses through your body. The seven-headed hydra bites you. x2
The seven-headed hydra barely misses you.
The seven-headed hydra bites you!
* * * LOW HITPOINT WARNING * * *
The seven-headed hydra closely misses you.
The seven-headed hydra bites you.
* * * LOW HITPOINT WARNING * * *
The seven-headed hydra bites you!
* * * LOW HITPOINT WARNING * * *
Your shadow imp hits the seven-headed hydra.
Casting: Agony (dangerous; 2% risk of failure)
Confirm with . or Enter, or press ? or * to list all spells.
Aiming: Vampiric Draining (safe; 1% risk of failure)
Press: ? - help, Shift-Dir - straight line, f/p - seven-headed hydra
Aim: a seven-headed hydra (almost dead, ally target)
You draw life force from the seven-headed hydra!
You feel life coursing into your body.
The seven-headed hydra barely misses you.
The seven-headed hydra bites you.
* * * LOW HITPOINT WARNING * * *
The seven-headed hydra misses you.
The seven-headed hydra closely misses you.
The seven-headed hydra bites you.
* * * LOW HITPOINT WARNING * * *
The seven-headed hydra bites you!
* * * LOW HITPOINT WARNING * * *
The seven-headed hydra bites you!
You die...
Kikubaaqudgha rasps: "You have failed me!
Welcome... death!"

#..####..PP#...P#.## #.# ##Z.#
########.##..# ##.### ##...#
#.##.# #....# #....##
#....#######...P# ##...Z#####
#..#....##....... ##...Z...#
##.#.............. ###...#.##
#....#..###?...... ######..#
##.#....#.##..[..##
##.##.#.####.@5.............##
#........#.#.D#...###.#.>...P#
#.##P.#..........## ##.#.P.###
#..###...........# ##.....##
#.# ##........... #......# #..
#...........## ##.....#
##.#####........... #......
#...#.#P............ #.....#
#.................P.P####.....#


You could see a seven-headed hydra (ally target) and a friendly shadow imp
(summoned).

Vanquished Creatures
  A two-headed ogre (D:9)
  A manticore (D:10)
  A black mamba (Lair:1)
  A kobold demonologist (D:10)
  A cane toad (Lair:1)
  2 komodo dragons
  A shadow (D:10)
  A wyvern (D:10)
  8 yaks
  3 water moccasins
  A black bear (Lair:2)
  4 centaurs
  2 kobold brigands
  2 bullfrogs
  A necrophage (D:6)
  2 scorpions
  8 wights
  3 howler monkeys
  2 hounds
  2 jellies (D:5)
  5 orc priests
  Jessica (D:3)
  5 iguanas
  6 orc wizards
  A hell rat (D:10)
  4 adders
  4 gnolls (D:6)
  A shadow imp (D:6)
  A white imp (D:6)
  3 worms (D:2)
  4 dart slugs
  30 orcs
  5 ball pythons
  13 endoplasms
  6 giant cockroaches
  2 goblins
  2 hobgoblins
  10 jackals
  6 kobolds
  6 quokkas
  7 bats
  5 frilled lizards
  9 rats
183 creatures vanquished.

Vanquished Creatures (collateral kills)
  Harold (Lair:1)
  A komodo dragon (Lair:1)
  4 yaks
  2 water moccasins
  A black bear (Lair:2)
  A phantom (D:5)
  An orc wizard (D:8)
  An iguana (D:5)
  2 hell rats
  2 river rats (D:10)
  An ufetubus (D:4)
  3 orcs
  2 goblins
  A hobgoblin (D:4)
23 creatures vanquished.

Vanquished Creatures (others)
  4 yak zombies
  A bullfrog zombie (Lair:1)
  An adder (D:8)
  An adder zombie (D:8)
  A hobgoblin (D:8)
  A hobgoblin zombie (D:8)
  20 fungi
  17 plants
46 creatures vanquished.

Grand Total: 252 creatures vanquished

Notes
Turn   | Place    | Note
-------+----------+-------------------------------------------
     0 | D:1      | Zonian the Demonspawn Necromancer began the quest for the
                  | Orb.
     0 | D:1      | Reached XP level 1. HP: 13/13 MP: 3/3
   354 | D:1      | Gained mutation: You regenerate a little health from kills.
                  | [demonic ancestry]
   354 | D:1      | Reached XP level 2. HP: 3/19 MP: 0/5
  1165 | D:1      | Gained mutation: You have a pair of small antennae on your
                  | head. [demonic ancestry]
  1165 | D:1      | Reached XP level 3. HP: 24/24 MP: 1/6
  1322 | D:1      | Learned a level 3 spell: Vampiric Draining
  1832 | D:2      | Found a faded altar of an unknown god.
  1988 | D:2      | Reached skill level 5 in Necromancy
  2758 | D:2      | Reached XP level 4. HP: 25/30 MP: 0/8
  2995 | D:2      | Found a basalt altar of Yredelemnul.
  3347 | D:3      | Noticed Sigmund
  3411 | D:3      | Noticed Jessica
  3419 | D:3      | Killed Jessica
  3484 | D:3      | Gained mutation: A weak demonic guardian rushes to your
                  | aid. [demonic ancestry]
  3484 | D:3      | Reached XP level 5. HP: 35/35 MP: 10/10
  3684 | D:3      | Learned a level 4 spell: Animate Dead
  4354 | D:4      | Identified the ring "Gamepairr" {rElec rC+ Will- Str+9
                  | Dex-5}
  4462 | D:4      | Reached skill level 6 in Necromancy
  4749 | D:4      | Learned a level 4 spell: Dispel Undead
  5098 | D:4      | Reached XP level 6. HP: 41/41 MP: 7/12
  5434 | D:5      | Entered Level 5 of the Dungeon
  5459 | D:5      | Reached skill level 7 in Necromancy
  5522 | D:5      | Noticed a water moccasin
  5982 | D:5      | Reached skill level 5 in Spellcasting
  6373 | D:5      | Reached XP level 7. HP: 21/46 MP: 14/14
  7483 | D:6      | Reached skill level 8 in Necromancy
  7582 | D:6      | Learned a level 5 spell: Agony
  7619 | D:6      | Identified the +1 great sword of Exquisite Torment {vorpal,
                  | rElec}
  7801 | D:6      | Gained mutation: You regenerate health from kills. [demonic
                  | ancestry]
  7801 | D:6      | Reached XP level 8. HP: 41/52 MP: 9/17
  7850 | D:6      | Found an opulent altar of Gozag.
  7854 | D:6      | Found a hazy altar of Hepliaklqana.
  8185 | D:6      | Found a staircase to the Ecumenical Temple.
  8199 | Temple   | Entered the Ecumenical Temple
  8582 | Temple   | Became a worshipper of Kikubaaqudgha
  8768 | D:6      | Reached skill level 9 in Necromancy
  9845 | D:7      | Learned a level 2 spell: Sublimation of Blood
 10281 | D:7      | Reached skill level 10 in Necromancy
 10470 | D:7      | Found a transporter.
 10470 | D:7      | Identified the ring of Gecovas {Contam +Blink Str-4 Dex+6
                  | Slay+4}
 10549 | D:7      | Found a transporter.
 10554 | D:7      | Identified the +9 quarterstaff "Jiyv" {drain, Contam rN+
                  | Will- Int+8}
 10769 | D:7      | Noticed nicolae's ghost (novice MfTm)
 11156 | D:8      | Reached XP level 9. HP: 50/57 MP: 11/20
 11193 | D:8      | Noticed a kobold demonologist
 11529 | D:8      | Reached * piety under Kikubaaqudgha
 11529 | D:8      | Received a gift from Kikubaaqudgha
 12178 | D:8      | Noticed a rust devil
 12814 | D:9      | Noticed a two-headed ogre
 13067 | D:10     | Entered Level 10 of the Dungeon
 13089 | D:10     | Noticed a two-headed ogre
 13173 | D:10     | Noticed a death yak
 13311 | D:10     | Noticed a kobold demonologist
 13318 | D:10     | Noticed a sixfirhy
 13319 | D:10     | Killed a kobold demonologist
 13320 | D:10     | Reached skill level 1 in Short Blades
 13482 | D:10     | Found Osonoevyl's General Store.
 13492 | D:10     | Bought a wand of mindburst (2) for 36 gold pieces
 13492 | D:10     | Bought a potion of curing for 39 gold pieces
 13492 | D:10     | Bought 2 potions of heal wounds for 130 gold pieces
 13527 | D:10     | Noticed a manticore
 13696 | D:10     | Killed a manticore
 13959 | D:10     | Noticed a death yak
 13994 | D:9      | Killed a two-headed ogre
 14066 | D:10     | Reached XP level 10. HP: 72/73 MP: 16/22
 14150 | D:10     | Identified the +3 giant club "Efuo" {vorpal, *Slow rC+
                  | rCorr}
 14227 | D:10     | Noticed a death yak
 14231 | D:10     | Found a staircase to the Lair.
 14249 | Lair:1   | Entered Level 1 of the Lair of Beasts
 14249 | Lair:1   | Noticed Gastronok
 14341 | Lair:1   | Noticed Harold
 14355 | Lair:1   | Noticed a black mamba
 14364 | Lair:1   | Killed a black mamba
 14365 | Lair:1   | Reached skill level 5 in Fighting
 14619 | Lair:1   | Noticed a boulder beetle
 14867 | Lair:1   | Reached skill level 5 in Short Blades
 14978 | Lair:1   | Killed Harold
 15433 | Lair:1   | Noticed a cane toad
 15446 | Lair:1   | Killed a cane toad
 16323 | Lair:2   | Gained mutation: Your movements are slightly less
                  | encumbered by armour. (ER -2) [demonic ancestry]
 16323 | Lair:2   | Reached XP level 11. HP: 60/86 MP: 13/23
 17049 | Lair:2   | Identified a scroll of acquirement
 17049 | Lair:2   | Acquired a +3 rapier of venom
 17069 | Lair:2   | Noticed a seven-headed hydra
 17766 | Lair:2   | HP: 3/86 [seven-headed hydra (8)]
 17766 | Lair:2   | Slain by a seven-headed hydra

Illustrated notes

Levels and vault maps discovered:
D:1:      roderic_octagonal_star, layout_basic, corexii_leaking_fountain,
          minmay_tetromino_i2
D:2:      layout_basic, basic_altar, basic_ecumenical_altar
D:3:      layout_basic, hex_tiny, uniq_sigmund, uniq_jessica
D:4:      layout_loops_cross, nicolae_ossuary_entry_ruins, minmay_circle_x
D:5:      layout_rooms, serial_aquarium, aquarium_bridge_straight
          [aquarium_subvault_bridge, aquarium_subvault_balcony,
          aquarium_subvault_bridge, aquarium_subvault_wall],
          aquarium_bridge_square [aquarium_subvault_bridge,
          aquarium_subvault_wall, aquarium_subvault_wall,
          aquarium_subvault_bridge], aquarium_window_double, aquarium_window_2,
          aquarium_window_fake, aquarium_window_3, aquarium_view_2e,
          aquarium_balcony_3b, aquarium_pool_corner
D:6:      layout_basic, grunt_temple_overflow_diamond,
          minmay_temple_entry_slanted
D:7:      layout_loops_cross, gammafunk_ghost_gnarly_gnolls, st_stairs_9,
          grunt_ministairs_1
D:8:      layout_layer_cave, minmay_misc_feat_x
D:9:      layout_cave_pools
D:10:     layout_irregular_city, dpeg_lair_monsters, serial_shops,
          nicolae_square_shop
Temple:   compressed_dpeg_triangle_lava_temple
Lair:1:   layout_layer_cave, nzn_sisyphean_effort, uniq_gastronok, uniq_harold
Lair:2:   layout_loops_ring, beast_lair_carwin_8

Skill      XL: |  1  2  3  4  5  6  7  8  9 10 |
---------------+-------------------------------+-----
Dodging        | 2 |  2.0
Stealth        | 2 |  2.1
Necromancy     | 5 6 7 8 10 | 10.7
Spellcasting   | 3 4 5 6 7 8 |  8.4
Fighting       | 4 8 |  8.2
Short Blades   | 4 7 |  7.5

Action                   |  1- 3 |  4- 6 |  7- 9 | 10-12 || total
-------------------------+-------+-------+-------+-------++-------
Melee: Unarmed           |     8 |       |       |       ||     8
       Dagger            |     2 |    53 |    65 |       ||   120
       Spear             |       |    19 |    54 |       ||    73
       Punch             |       |       |     4 |     3 ||     7
       Short sword       |       |       |     9 |   175 ||   184
       Rapier            |       |       |       |    14 ||    14
Throw: Dart              |       |       |       |     3 ||     3
       Throwing net      |       |       |       |     2 ||     2
 Cast: Necrotise         |    88 |    97 |   133 |     6 ||   324
       Vampiric Draining |       |       |    16 |    30 ||    46
       Dispel Undead     |       |       |     9 |       ||     9
       Animate Dead      |       |       |     2 |     5 ||     7
       Agony             |       |       |       |     3 ||     3
Invok: Unearth Wretches  |       |       |     1 |       ||     1
Evoke: Wand              |       |       |     7 |     2 ||     9
  Use: Potion            |     1 |     2 |     6 |     4 ||    13
       Scroll            |       |    11 |    12 |     6 ||    29
 Stab: Sleeping          |       |     3 |     4 |       ||     7
       Distracted        |       |       |     2 |     2 ||     4
Armor: Robe              |     5 |    27 |    70 |    37 ||   139
Dodge: Dodged            |    20 |    82 |   124 |   124 ||   350

Table legend: (Time is in decaauts)
 A = Elapsed time spent in this place.
 B = Non-inter-level travel time spent in this place.
 C = Inter-level travel time spent in this place.
 D = Time resting spent in this place.
 E = Time spent auto-exploring this place.
 F = Levels seen in this place.
 G = Mean time per level.
                   A        B        C        D        E       F      G
               +--------+--------+--------+--------+--------+-----+--------+
         Total |  17806 |  17511 |    295 |   7126 |   5234 |  13 | 1369.7 |
       Dungeon |  13868 |  13573 |    295 |   4984 |   4848 |  10 | 1386.8 |
        Temple |    394 |    394 |      0 |    356 |     18 |   1 |  394.0 |
          Lair |   3543 |   3543 |      0 |   1786 |    368 |   2 | 1771.5 |
               +--------+--------+--------+--------+--------+-----+--------+

Top non-repeatable levels by time:
  Lair:1: 2182 daAuts
     D:1: 1812 daAuts
     D:7: 1729 daAuts
     D:5: 1610 daAuts
     D:6: 1536 daAuts
     D:2: 1483 daAuts
     D:8: 1452 daAuts
  Lair:2: 1360 daAuts
     D:4: 1301 daAuts
     D:3: 1269 daAuts
    D:10: 1078 daAuts
     D:9: 593 daAuts
  Temple: 394 daAuts
